 Dungeon Crawl Stone Soup version 0.26-a0-597-gb535b0901c (webtiles) character file.

Game seed: 8435264258413495312

642 antipodean the Sneak (level 7, 0/48 HPs)
             Began as an Octopode Fighter on Aug 27, 2020.
             Was an Initiate of Cheibriados.
             Slain by a sky beast (2 damage)
             ... on level 5 of the Dungeon.
             The game lasted 00:09:19 (5099 turns).

antipodean the Sneak (Octopode Fighter)             Turns: 5099, Time: 00:09:20

Health: 0/48       AC:  1    Str: 18    XL:     7   Next: 51%
Magic:  7/7        EV: 12    Int: 11    God:    Cheibriados [......]
Gold:   362        SH:  9    Dex: 13    Spells: 6/6 levels left

rFire    . . .     SeeInvis .   b - +1 dagger (venom)
rCold    . . .     Faith    .   q - +0 kite shield
rNeg     . . .     Spirit   .   (helmet restricted)
rPois    .         Reflect  .   (no amulet)
rElec    .         Harm     .   (no ring)
rCorr    .                      (no ring)
MR       .....                  (no ring)
Stlth    ++++......             (no ring)
HPRegen  0.16/turn              (no ring)
MPRegen  0.10/turn              (no ring)
                                (no ring)
                                (no ring)

@: very slow
A: almost no armour, stealthy swim, amphibious, 8 rings, constrict 8, camouflage
1, gelatinous body 1
a: Bend Time, Renounce Religion


You were on level 5 of the Dungeon.
You worshipped Cheibriados.
Cheibriados was noncommittal.
You visited 2 branches of the dungeon, and saw 6 of its levels.

You collected 362 gold pieces.

Inventory:

Hand Weapons
 a - a +0 short sword of electrocution
 b - a +1 dagger of venom (weapon)
 g - a +0 hunting sling
 p - a +0 trident
Missiles
 h - 181 stones
 i - 94 sling bullets
 r - 3 boomerangs (quivered)
 t - 2 throwing nets
Armour
 q - a +0 kite shield (worn)
Jewellery
 n - a +4 ring of protection
Scrolls
 e - a scroll of immolation {unknown}
 l - 3 scrolls of identify {unknown}
 o - 2 scrolls of remove curse {unknown}
 s - a scroll of enchant weapon {unknown}
Potions
 c - 2 potions of might
 d - 4 potions of curing {unknown}
 f - a potion of flight {unknown}
 j - a potion of ambrosia {unknown}
 k - a potion of lignification {unknown}
 m - a potion of cancellation {unknown}


   Skills:
 + Level 4.1 Fighting
 * Level 2.4 Short Blades
 - Level 4.4 Polearms
 + Level 0.5 Throwing
 + Level 3.9 Dodging
 + Level 4.7 Stealth
 + Level 4.0 Shields
 * Level 1.2 Invocations


You had 6 spell levels left.
You didn't know any spells.
Your spell library contained the following spells:

 Spells                   Type           Power        Failure   Level
 Gell's Gravitas          Tloc           #.........   99%         3
 Portal Projectile        Hex/Tloc       #.....       99%         3
 Dispersal                Tloc           #.........   100%        6
 Disjunction              Tloc           #.........   100%        8


Dungeon Overview and Level Annotations

Branches:
Dungeon (5/15)             Temple (1/1) D:5

Altars:
Ashenzari
Cheibriados
Dithmenos
Elyvilon
Fedhas
Gozag
Hepliaklqana
Kikubaaqudgha
Makhleb
Nemelex Xobeh
Okawaru
Sif Muna
Trog
Vehumet
Yredelemnul
Zin

Shops:
D:4 [

Annotations:
D:2 exclusion: 2 downstairs
D:3 2 transporters, vurker's ghost, amateur GnNe


Innate Abilities, Weirdness & Mutations

You cannot wear most types of armour.
You are very stealthy in the water. (Stealth+)
You are amphibious.
You can wear up to eight rings at the same time.
You can use your tentacles to constrict eight enemies at once.
Your skin changes colour to match your surroundings (Stealth+).
Your rubbery body absorbs attacks. (AC +1, EV +1)


Message History

* * * LOW HITPOINT WARNING * * *
Something shocks you.
* * * LOW HITPOINT WARNING * * *
A sky beast appears from thin air!
Reactivating autopickup.
There is an open door here.
Okay, then.
Your shield prevents you from hitting the sky beast.
The sky beast is severely wounded.
The sky beast closely misses you.
The sky beast flickers out of sight!
Deactivating autopickup; reactivate with Ctrl-A.
Something hits you.
* * * LOW HITPOINT WARNING * * *
Something shocks you.
* * * LOW HITPOINT WARNING * * *
A sky beast appears from thin air!
Reactivating autopickup.
The sky beast hits you.
You die...

#.$.$.$.#..#......
..##..$.$..#.##......
.'.$...$.####.....#
#..≈..##.........
#...##..#....##.
######'###.......###
#....§.#..........##
########...Y..###........#.
+......'..@.$.##.........##
####'####......#............ #
##....## #...$..#...........# ##
##......###......#..........##
.###........#########..........##
...#........#..............#.....
>###........#.............###....
####........#.#...........####..[
#.##......## ###..........####.#


You could see a sky beast (very poisoned).

Vanquished Creatures
  Edmund (D:4)
  2 hounds (D:5)
  A jelly (D:5)
  2 orc priests
  2 orc wizards (D:3)
  4 worker ants (D:4)
  Robin (D:2)
  5 adders
  A shadow imp (D:5)
  2 white imps (D:5)
  2 ufetubi (D:5)
  2 oozes
  A worm (D:3)
  2 dart slugs (D:3)
  A leopard gecko (D:4)
  19 orcs
  6 giant cockroaches
  22 goblins
  8 hobgoblins
  11 kobolds
  4 quokkas
  A ball python (D:1)
  4 bats
  4 frilled lizards
  A jackal zombie (D:4)
  A leopard gecko skeleton (D:4)
  11 rats
121 creatures vanquished.

Notes
Turn   | Place    | Note
-------+----------+-------------------------------------------
     0 | D:1      | antipodean the Octopode Fighter began the quest for the
                  | Orb.
     0 | D:1      | Reached XP level 1. HP: 16/16 MP: 1/1
   256 | D:1      | Reached XP level 2. HP: 21/21 MP: 2/2
   672 | D:2      | Reached XP level 3. HP: 26/26 MP: 3/3
   972 | D:2      | Reached skill level 1 in Stealth
   984 | D:2      | Noticed Robin
  1012 | D:2      | Killed Robin
  1012 | D:2      | Reached XP level 4. HP: 29/31 MP: 4/4
  1856 | D:3      | Found a transporter.
  1856 | D:3      | Noticed vurker's ghost (amateur GnNe)
  1865 | D:3      | Reached XP level 5. HP: 37/37 MP: 5/5
  2104 | D:3      | Found a transporter.
  2661 | D:4      | Reached XP level 6. HP: 43/43 MP: 6/6
  2668 | D:4      | Found Fogiug's Antique Armour Emporium.
  2695 | D:4      | Noticed Edmund
  2703 | D:4      | Killed Edmund
  2703 | D:4      | Reached skill level 1 in Short Blades
  2863 | D:4      | Found an iron altar of Okawaru.
  2864 | D:4      | Found a burning altar of Makhleb.
  3740 | D:4      | Reached XP level 7. HP: 47/48 MP: 7/7
  3894 | D:5      | Entered Level 5 of the Dungeon
  3982 | D:5      | Found a staircase to the Ecumenical Temple.
  4004 | Temple   | Entered the Ecumenical Temple
  4190 | Temple   | Became a worshipper of Cheibriados the Contemplative
  4887 | D:5      | Reached skill level 1 in Invocations
  5097 | D:5      | HP: 1/48 [something (5)]
  5099 | D:5      | Slain by a sky beast

Illustrated notes

Levels and vault maps discovered:
D:1:      tarquinn_simple_flora_water_e, layout_basic
D:2:      layout_basic, uniq_robin
D:3:      layout_rooms, serial_rivers, chequers_serial_rivers_micro_d,
          chequers_serial_rivers_large_a, chequers_serial_rivers_room_a,
          chequers_serial_rivers_small_b, chequers_serial_rivers_small_3,
          chequers_serial_rivers_room_a, gammafunk_ghost_mausoleum
D:4:      layout_cave_pools, gammafunk_temple_overflow_pools, serial_shops,
          shop, kennysheep_dice, uniq_edmund
D:5:      minmay_polygon_palace, layout_cave_pools, minmay_temple_entry_wispy
Temple:   eino_narrow_crystal_temple

Skill      XL: |  1  2  3  4  5  6  7 |
---------------+----------------------+-----
Stealth        | 1 2 3 4 |  4.7
Polearms       | 3 4 |  4.4
Fighting       | 4 |  4.1
Short Blades   | 1 2 |  2.4
Shields        | 4 |  4.0
Invocations    | 1 |  1.2
Throwing       | |  0.5
Dodging        | |  3.9

Action                   |  1- 3 |  4- 6 |  7- 9 || total
-------------------------+-------+-------+-------++-------
Melee: Trident           |    75 |   100 |       ||   175
       Constrict         |    16 |    30 |     8 ||    54
       Tentacles         |     7 |    19 |     8 ||    34
       Short sword       |       |    33 |    57 ||    90
       Dagger            |       |       |     6 ||     6
 Fire: Hunting sling     |       |     2 |       ||     2
Throw: Stone             |       |     7 |       ||     7
       Boomerang         |       |       |     3 ||     3
 Stab: Sleeping          |     6 |     7 |     2 ||    15
       Distracted        |     1 |     1 |     1 ||     3
Armor: Skin              |     5 |     7 |     1 ||    13
Dodge: Dodged            |    20 |    41 |    25 ||    86
Block: Kite shield       |    16 |    33 |    30 ||    79

Table legend: (Time is in decaauts)
 A = Elapsed time spent in this place.
 B = Non-inter-level travel time spent in this place.
 C = Inter-level travel time spent in this place.
 D = Time resting spent in this place.
 E = Time spent auto-exploring this place.
 F = Levels seen in this place.
 G = Mean time per level.
                   A        B        C        D        E       F      G
               +--------+--------+--------+--------+--------+-----+--------+
         Total |   5279 |   4982 |    297 |   1439 |   2586 |   6 |  879.8 |
       Dungeon |   5073 |   4821 |    252 |   1439 |   2427 |   5 | 1014.6 |
        Temple |    205 |    160 |     45 |      0 |    159 |   1 |  205.0 |
               +--------+--------+--------+--------+--------+-----+--------+

Top non-repeatable levels by time:
     D:4: 1255 daAuts
     D:3: 1222 daAuts
     D:5: 1121 daAuts
     D:2: 826 daAuts
     D:1: 648 daAuts
  Temple: 205 daAuts
